 Dungeon Crawl Stone Soup version 0.28-a0-906-g0406aca7d3 (webtiles) character file.

Game seed: 408414050827019104

30 siradein the Vexing (level 3, 0/20 HPs)
             Began as a Deep Elf Arcane Marksman on Nov 24, 2021.
             Succumbed to an adder's poison
             ... on level 2 of the Dungeon.
             The game lasted 00:03:15 (1460 turns).

siradein the Vexing (Deep Elf Arcane Marksman)      Turns: 1460, Time: 00:03:16

Health: 0/20       AC:  3    Str:  7    XL:     3   Next: 3%
Magic:  8/8        EV: 12    Int: 18    God:
Gold:   27         SH:  0    Dex: 15    Spells: 5/6 levels left

rFire   . . .      SeeInvis .   a - +0 shortbow
rCold   . . .      Faith    .   (shield currently unavailable)
rNeg    . . .      Spirit   .   h - +0 leather armour
rPois   .          Reflect  .   (no helmet)
rElec   .          Harm     .   (no cloak)
rCorr   .          Rampage  .   (no gloves)
Will    .....                   (no boots)
Stlth   +.........              (no amulet)
HPRegen 0.06/turn               (no ring)
MPRegen 0.11/turn               (no ring)

@: lethally poisoned (0 -> -6)
A: no striking features
a: no special abilities


You were on level 2 of the Dungeon.
You visited 1 branch of the dungeon, and saw 2 of its levels.

You collected 27 gold pieces.

Inventory:

Hand Weapons
 a - a +0 shortbow (weapon)
Missiles
 g - 42 stones
Armour
 h - a +0 leather armour (worn)
Scrolls
 b - 2 scrolls of teleportation {unknown}
 d - a scroll of identify {unknown}
 i - a scroll of amnesia {unknown}
Potions
 e - a potion of magic {unknown}
 f - 2 potions of curing {unknown}


   Skills:
 + Level 1.2 Fighting
 + Level 3.2 Bows
 + Level 2.8 Dodging
 + Level 2.2 Spellcasting
 + Level 4.3 Hexes


You had 5 spell levels left.
You knew the following spells:

 Your Spells              Type           Power      Damage    Failure   Level
a - Slow                  Hex            68%        N/A       4%          1

Your spell library contained the following spells:

 Spells                   Type           Power      Damage    Failure   Level
 Inner Flame              Hex/Fire       9%         N/A       32%         3
 Portal Projectile        Hex/Tloc       18%        N/A       32%         3
 Cause Fear               Hex            8%         N/A       41%         4


Dungeon Overview and Level Annotations

Branches:
Dungeon (2/15)

Altars:

Shops:
D:1 ((


Message History

The hobgoblin moves out of view.
You now have 27 gold pieces (gained 9).
A hobgoblin is nearby!
You shoot an arrow. The arrow barely misses the hobgoblin.
You shoot an arrow. The arrow hits the hobgoblin.
The hobgoblin is heavily wounded.
You shoot an arrow. The arrow hits the hobgoblin.
You kill the hobgoblin!
No target in view!
No target in view!
No target in view!
An adder comes into view.
You shoot an arrow. The arrow hits the adder.
The adder hisses angrily.
The adder is heavily wounded.
You shoot an arrow. The arrow barely misses the adder.
You shoot an arrow. The arrow barely misses the adder.
You shoot an arrow. The arrow closely misses the adder.
You shoot an arrow. The arrow hits the adder.
The adder is heavily wounded.
The adder bites you but does no damage. The adder bites you.
You are poisoned.
The adder poisons you!
You shoot an arrow. The arrow completely misses the adder.
You feel sick. The adder barely misses you.
You shoot an arrow.
The arrow hits the adder but does no damage.
The adder is heavily wounded.
You feel sick. The adder bites you.
You are more poisoned.
The adder poisons you! The adder bites you.
You are more poisoned.
The adder poisons you!
* * * LOW HITPOINT WARNING * * *
You feel very sick.
* * * LOW HITPOINT WARNING * * *
You feel very sick.
* * * LOW HITPOINT WARNING * * *
You feel sick. The adder barely misses you.
You die...

#. #.#############
#.............#
####.............#
..................
####......(.....(
#.<...........
#.#.##...S...$....(
.......@...........
#...##(...........#
... ..............#
##..?(............#
#................#
#................
#...............
#....#########


You could see an adder.

Vanquished Creatures
  4 ball pythons (D:1)
  2 endoplasms (D:1)
  2 giant cockroaches (D:1)
  3 goblins (D:1)
  3 hobgoblins
  6 jackals (D:1)
  A bat (D:1)
  A frilled lizard (D:1)
  A kobold (D:1)
  A rat (D:1)
24 creatures vanquished.

Notes
Turn   | Place    | Note
-------+----------+-------------------------------------------
     0 | D:1      | siradein the Deep Elf Arcane Marksman began the quest for
                  | the Orb.
     0 | D:1      | Reached XP level 1. HP: 11/11 MP: 5/5
    49 | D:1      | Reached skill level 1 in Fighting
    73 | D:1      | Reached XP level 2. HP: 13/16 MP: 6/6
   399 | D:1      | Found Besis's Antique Weapon Shop.
   422 | D:1      | Found a faded altar of an unknown god.
   442 | D:1      | Found Lohaaz's Weapon Shoppe.
  1000 | D:1      | Reached XP level 3. HP: 5/20 MP: 8/8
  1459 | D:2      | HP: 1/20 [poisoned by an adder]
  1460 | D:2      | Succumbed to an adder's poison

Illustrated notes

Levels and vault maps discovered:
D:1:      wander_arrival_desolate, layout_basic, serial_shops,
          nicolae_shop_trees, nicolae_shop_behind_doors,
          ebering_ecumenical_altar_box, nrook_mini_backslash
D:2:      layout_basic

Skill      XL: |  1  2 |
---------------+-------+-----
Fighting       | 1 |  1.2
Bows           | 3 |  3.2
Spellcasting   | 2 |  2.2
Dodging        | |  2.8
Hexes          | |  4.3

Action                   || total
-------------------------++-------
 Fire: Shortbow          ||    92
Armor: Robe              ||     4
       Leather armour    ||     4
Dodge: Dodged            ||    47

Table legend: (Time is in decaauts)
 A = Elapsed time spent in this place.
 B = Non-inter-level travel time spent in this place.
 C = Inter-level travel time spent in this place.
 D = Time resting spent in this place.
 E = Time spent auto-exploring this place.
 F = Levels seen in this place.
 G = Mean time per level.
                   A        B        C        D        E       F      G
               +--------+--------+--------+--------+--------+-----+--------+
         Total |   1473 |   1463 |     10 |      0 |   1233 |   2 |  736.5 |
       Dungeon |   1473 |   1463 |     10 |      0 |   1233 |   2 |  736.5 |
               +--------+--------+--------+--------+--------+-----+--------+

Top non-repeatable levels by time:
     D:1: 1453 daAuts
     D:2: 20 daAuts
